 Dungeon Crawl Stone Soup version 0.21.1-1-g345015f (webtiles) character file.

243 JeffiDaFish the Digger (level 6, -1/32 HPs)
             Began as a Gargoyle Earth Elementalist on Feb 16, 2018.
             Slain by a gnoll (4 damage)
             ... on level 2 of the Dungeon.
             The game lasted 00:06:32 (2020 turns).

JeffiDaFish the Digger (GrEE)                       Turns: 2020, Time: 00:06:32

Health: -1/32      AC:  7    Str: 10 (12) XL:     6   Next: 9%
Magic:  1/12       EV: 12    Int: 16 (17) God:
Gold:   111        SH:  0    Dex:  8 (10) Spells: 9/13 levels left

rFire    . . .     SeeInvis .   g - +2 whip (elec)
rCold    . . .     Gourm    .   (no shield)
rNeg     + . .     Faith    .   c - +0 robe
rPois    ∞         Spirit   .   a - +0 helmet
rElec    +         Reflect  .   (no cloak)
rCorr    .         Harm     .   (no gloves)
MR       .....                  (no boots)
Stlth    ++........             (no amulet)
HPRegen  0.10/turn              (no ring)
MPRegen  0.13/turn              (no ring)

@: very slightly contaminated
A: negative energy resistance 1, electricity resistance, unbreathing,
petrification resistance, rot immunity, AC +4
a: no special abilities


You were on level 2 of the Dungeon.
You were not hungry.

You visited 1 branch of the dungeon, and saw 2 of its levels.

You collected 111 gold pieces.

Inventory:

Hand Weapons
 g - a +2 whip of electrocution (weapon)
Missiles
 b - 33 stones (quivered)
Armour
 a - a +0 helmet (worn)
 c - a +0 robe (worn)
 f - a cursed +0 leather armour
Scrolls
 i - 2 scrolls of blinking
Books
 e - a book of Geomancy

   Spells                             Type                      Level
   a - Sandblast                      Earth                        1
   b - Passwall                       Transmutation/Earth          2
   c - Stone Arrow                    Conjuration/Earth            3
   d - Petrify                        Transmutation/Earth          4
   e - Lee's Rapid Deconstruction     Earth                        5
Comestibles
 d - 3 rations
 h - a chunk of flesh


   Skills:
 - Level 1.5 Dodging
 - Level 2.1 Stealth
 + Level 4.2 Spellcasting
   Level 0.7 Transmutations
 + Level 6.2 Earth Magic


You had 9 spell levels left.
You knew the following spells:

 Your Spells              Type           Power        Failure   Level  Hunger
a - Sandblast             Erth           ###...       1%          1    None
b - Stone Arrow           Conj/Erth      ##....       14%         3    ###....


Dungeon Overview and Level Annotations

Branches:
Dungeon (2/15)

Altars:
Gozag


Innate Abilities, Weirdness & Mutations

You are resistant to torment.
Your stone body is resilient. (AC +4)
You are immune to poison.
You resist negative energy. (rN+)
You are resistant to electric shocks. (rElec)
You can survive without breathing.
You are immune to petrification.
You are immune to rotting.


Message History

The gnoll barely misses you. The worm bites you but does no damage.
You hit the gnoll. Lightning courses through the gnoll!
The gnoll is almost dead.
The gnoll misses you. The gnoll hits you but does no damage.
You closely miss the gnoll.
The gnoll is almost dead.
The gnoll hits you.
* * * LOW HITPOINT WARNING * * *
The gnoll closely misses you. The worm bites you.
* * * LOW HITPOINT WARNING * * *
You feel better. The gnoll misses you. The gnoll hits you with a halberd.
You hit the gnoll.
The gnoll is almost dead.
The gnoll misses you. The worm bites you!
* * * LOW HITPOINT WARNING * * *
The gnoll hits you but does no damage.
You closely miss the gnoll.
The gnoll is almost dead.
The gnoll hits you.
You die...

....## ............. .....#
..............# ##...#
..............# #...# ....
.........# ##...# .....
........# .#...#
.....##.......# .#..##
..............# .+..#
......wg......###### .#..#
.......@g..........# ..###
#######............# ..#
....###............# ..##
...........##.......#
.................>.##.......#
..##...............##.......#
..##...............#........#
..##...............#....#####
..##...............#....#


You could see a worm and 2 gnolls.

Vanquished Creatures
  3 jellies (D:2)
  Natasha (twice) (D:2)
  A gnoll (D:2)
  An adder (D:2)
  8 oozes (D:2)
  3 worms (D:2)
  A dart slug (D:1)
  6 bats
  2 goblins (D:2)
  5 hobgoblins
  9 kobolds
  A quokka (D:2)
  4 frilled lizards
  7 rats
53 creatures vanquished.

Vanquished Creatures (others)
  A fungus (D:2)
  6 toadstools (D:2)
7 creatures vanquished.

Grand Total: 60 creatures vanquished

Notes
Turn   | Place    | Note
-------+----------+-------------------------------------------
     0 | D:1      | JeffiDaFish the Gargoyle Earth Elementalist began the quest for the Orb.
     0 | D:1      | Reached XP level 1. HP: 10/10 MP: 3/3
   370 | D:1      | Reached XP level 2. HP: 15/15 MP: 5/5
   384 | D:1      | Reached skill level 4 in Earth Magic
   844 | D:2      | Reached XP level 3. HP: 11/19 MP: 2/6
  1084 | D:2      | Learned a level 3 spell: Stone Arrow
  1094 | D:2      | Reached XP level 4. HP: 24/24 MP: 2/8
  1122 | D:2      | Reached skill level 5 in Earth Magic
  1130 | D:2      | Reached XP level 5. HP: 28/28 MP: 1/10
  1341 | D:2      | Found an opulent altar of Gozag.
  1489 | D:2      | Noticed Natasha
  1493 | D:2      | Killed Natasha
  1645 | D:2      | Reached skill level 6 in Earth Magic
  1809 | D:2      | Noticed Natasha
  1817 | D:2      | Killed Natasha
  1817 | D:2      | Reached XP level 6. HP: 14/32 MP: 12/12
  2020 | D:2      | Slain by a gnoll

Skill      XL: |  1  2  3  4  5 |
---------------+----------------+-----
Earth Magic    | 4 5 6 |  6.2
Spellcasting   | 3 4 |  4.2
Dodging        | |  1.5
Stealth        | |  2.1
Transmutations | |  0.7

Action                   |  1- 3 |  4- 6 || total
-------------------------+-------+-------++-------
Melee: Whip              |    49 |    45 ||    94
 Cast: Sandblast         |    19 |    15 ||    34
       Stone Arrow       |       |     5 ||     5
  Use: Scroll            |     2 |     2 ||     4
       Potion            |     3 |     2 ||     5
 Stab: Sleeping          |     3 |     1 ||     4
  Eat: Chunk             |       |     4 ||     4
Armor: Robe              |    15 |    22 ||    37
Dodge: Dodged            |    24 |    33 ||    57
